 Dungeon Crawl Stone Soup version 0.20.0-15-g7f486f2 (webtiles) character file.

51 Darkell the Scratcher (level 3, -1/15 HPs)
             Began as a Felid Transmuter on June 15, 2017.
             Killed from afar by Natasha (8 damage)
             ... with a magic dart
             ... on level 2 of the Dungeon.
             The game lasted 00:02:06 (1602 turns).

Darkell the Scratcher (Felid Transmuter)            Turns: 1602, Time: 00:02:07

Health: -1/15      AC:  2    Str:  7    XL:     3   Next: 58%
Magic:  4/7        EV: 22    Int: 14    God:
Gold:   50         SH:  0    Dex: 21    Spells: 0/6 levels left
                                        Lives:  0   Deaths: 0

rFire    . . .     SeeInvis +     - Unarmed
rCold    . . .     Gourm    .   (shield unavailable)
rNeg     . . .     Faith    .   (armour unavailable)
rPois    x         Spirit   .   (helmet unavailable)
rElec    .         Reflect  .   (cloak unavailable)
rCorr    .         Harm     .   (gloves unavailable)
MR       .....                  (boots unavailable)
Stlth    ++........             (no amulet)
Regen    0.1/turn               (no ring)
MPRegen  0.1/turn               (no ring)

@: spider-form, drained
A: no armour, no weapons or thrown items, stealth, see invisible, carnivore 3,
slow metabolism 1
a: End Transformation


You were on level 2 of the Dungeon.
You were completely stuffed.
You were a venomous arachnid creature.
You visited 1 branch of the dungeon, and saw 2 of its levels.

You collected 50 gold pieces.

Inventory:

Missiles
 a - 17 arrows
Jewellery
 j - an uncursed ring of ice {unknown}
 l - a +6 ring of evasion {unknown}
Scrolls
 e - a scroll of teleportation {unknown}
 f - a scroll of random uselessness {unknown}
 h - 3 scrolls of identify {unknown}
Potions
 d - a potion of haste
 g - a potion of curing {unknown}
 i - a potion of agility {unknown}
Books
 b - a book of Changes

   Spells                             Type                      Level
   a - Beastly Appendage              Transmutation                1
   b - Sticks to Snakes               Transmutation                2
   c - Spider Form                    Transmutation/Poison         3
   d - Ice Form                       Ice/Transmutation            4
   e - Blade Hands                    Transmutation                5
Comestibles
 c - 2 meat rations
 k - 3 chunks of flesh


   Skills:
 + Level 1.6(1.3) Fighting
 + Level 3.6(3.3) Dodging
 + Level 3.7(3.4) Unarmed Combat
 - Level 2.0(1.7) Spellcasting
 + Level 2.6(2.4) Transmutations


You couldn't memorise any spells.
You knew the following spells:

 Your Spells              Type           Power        Failure   Level  Hunger
a - Beastly Appendage     Tmut           #.....       22%         1    ##.....
b - Sticks to Snakes      Tmut           #.......     32%         2    ###....
c - Spider Form           Tmut/Pois      #.........   63%         3    ####...


Dungeon Overview and Level Annotations

Branches:
Dungeon (2/15)

Altars:
Fedhas

Annotations:
D:2 Natasha


Innate Abilities, Weirdness & Mutations

You cannot wear armour.
You are incapable of wielding weapons or throwing items.
Your paws allow you to move quietly. (Stealth)
((You have sharp claws.))
((You have razor-sharp teeth.))
You have supernaturally acute eyesight. (SInv)
You are carnivorous and can eat meat at any time.
((You cover ground quickly.))
((You are covered in fur. (AC +1)))
You have a slow metabolism.
((Your sharp claws are effective at attacking unaware monsters.))


Message History

There is an open door here.
Found 18 sling bullets.
Found a stone staircase leading up.
There is a stone staircase leading up here.
Natasha, Servant of Life and Death comes into view.
Natasha is nearby!
Natasha is nearby!
Natasha is nearby!
Casting: Spider Form
Confirm with . or Enter, or press ? or * to list all spells.
You turn into a venomous arachnid creature.
Natasha hisses angrily.
Natasha casts a spell at you. The magic dart hits you!
Ouch! That really hurt!
Natasha mumbles some strange words.
You feel troubled. Natasha casts a spell at you. The magic dart hits you!
Ouch! That really hurt!
You die...

##...## #.# ##'##
#.# #.# #.# ##
#.###### #.# #.
##......# #.
##...###.#
#.....##.#
....#...###.######.#
#.#(##.##...s.h....#
#...##.##.#.########
#....<.....#
############


You could see Natasha.

Vanquished Creatures
  An adder (D:1)
  A worm (D:2)
  A leopard gecko (D:2)
  A ball python (D:1)
  4 bats (D:1)
  A giant cockroach (D:1)
  4 goblins
  6 hobgoblins
  6 jackals (D:1)
  3 kobolds (D:1)
  2 frilled lizards (D:1)
  5 rats (D:1)
35 creatures vanquished.

Notes
Turn   | Place    | Note
-------+----------+-------------------------------------------
     0 | D:1      | Darkell the Felid Transmuter began the quest for the Orb.
     0 | D:1      | Reached XP level 1. HP: 9/9 MP: 4/4
   313 | D:1      | Reached XP level 2. HP: 4/12 MP: 4/6
  1026 | D:1      | Reached XP level 3. HP: 13/15 MP: 5/7
  1336 | D:2      | Found a blossoming altar of Fedhas.
  1355 | D:2      | Learned a level 2 spell: Sticks to Snakes
  1360 | D:2      | Learned a level 3 spell: Spider Form
  1598 | D:2      | Noticed Natasha
  1602 | D:2      | Killed from afar by Natasha

Skill      XL: |  1 |
---------------+----+-----
Dodging        | 3 |  3.6
Fighting       | |  1.6
Unarmed Combat | |  3.7
Spellcasting   | |  2.0
Transmutations | |  2.6

Action                   || total
-------------------------++-------
Melee: Unarmed           ||    87
       Headbutt          ||     8
       Bite              ||     6
 Cast: Beastly Appendage ||     7
       Spider Form       ||     2
  Use: Potion            ||     2
 Stab: Distracted        ||     1
       Sleeping          ||     1
  Eat: Chunk             ||     9
Armor: Skin              ||     2
Dodge: Dodged            ||    57
